General information
			
			
        
        - name: BNet
 
        - type: Ladder 1vs1/FFA
 
        - host: Battle.net
 
        - saver: thelaghotel
 
        
map: TwistedMeadows 
        - players: 2
 
        - length: 21:10
 
        - speed: Fast
 - version: 1.22 W3XP
 - replay type:  Public
 
» download(80 KB)
Players
        team 1 (loser) 
              
              
DIAVOLUL (
teal | 102 APM | 2149 actions | 21:09)
              
 5 Far Seer 
 3 Feral Spirit
 2 Chain Lighting
 2 Firelord 
 1 Summon Lava Spawn
 1 Soul Burn
 
                » actions 
                
                | Assign group hotkey | 31 |  | 
| Basic commands | 1 |  | 
| Build / train | 49 |  | 
| ESC pressed | 3 |  | 
| Enter build submenu | 24 |  | 
| Enter hero's abilities submenu | 7 |  | 
| Give item / drop item | 3 |  | 
| Right click | 1287 |  | 
| Select / deselect | 436 |  | 
| Select group hotkey | 211 |  | 
| Use ability | 97 |  | 
                2149 total
 » units 
                » upgrades
                » buildings
                
                | Altar of Storms | 1 |  | 
| Orc Burrow | 5 |  | 
| Barracks | 1 |  | 
| Stronghold | 1 |  | 
| Voodoo Lounge | 2 |  | 
| War Mill | 1 |  | 
| Beastiary | 2 |  | 
| Watch Tower | 9 |  | 
                22 total
 » build order
                00:07 Altar of Storms
00:20 Orc Burrow
00:35 Barracks
01:34 Orc Burrow
02:58 Stronghold
03:02 Voodoo Lounge
03:43 Orc Burrow
04:12 War Mill
05:51 Voodoo Lounge
07:02 Beastiary
07:39 Beastiary
08:42 Orc Burrow
12:13 Orc Burrow
14:59 Watch Tower
15:00 Watch Tower
15:01 Watch Tower
15:03 Watch Tower
15:25 Watch Tower
16:06 Watch Tower
16:08 Watch Tower
16:09 Watch Tower
16:25 Watch Tower
» items
                
                | Healing Salve | 3 |  | 
| Lesser Clarity Potion | 8 |  | 
| Potion of Healing | 4 |  | 
                15 total
  
               team 2 (winner) 
              
              
» 
thelaghotel (
red | 100 APM | 2125 actions | 21:10)
              
 4 Blademaster 
 2 Wind Walk
 2 Critical Strike
 4 Naga Sea Witch 
 2 Frost Arrows
 2 Forked Lightning
 
                » actions 
                
                | Assign group hotkey | 216 |  | 
| Basic commands | 101 |  | 
| Build / train | 61 |  | 
| Enter build submenu | 18 |  | 
| Enter hero's abilities submenu | 8 |  | 
| Give item / drop item | 3 |  | 
| Remove unit from queue | 2 |  | 
| Right click | 1052 |  | 
| Select / deselect | 449 |  | 
| Select group hotkey | 63 |  | 
| Use ability | 151 |  | 
                2125 total
 » units 
                
                | Peon | 8 |  | 
| Grunt | 9 |  | 
| Raider | 9 |  | 
| Spirit Walker | 4 |  | 
                30 total
 » upgrades
                
                | Berserker Strength | 1 |  | 
| Ensnare | 1 |  | 
| Spirit Walker Training | 1 |  | 
                3 total
 » buildings
                
                | Altar of Storms | 1 |  | 
| Orc Burrow | 7 |  | 
| Barracks | 1 |  | 
| Voodoo Lounge | 2 |  | 
| Stronghold | 1 |  | 
| Beastiary | 1 |  | 
| Spirit Lodge | 1 |  | 
| War Mill | 1 |  | 
| Watch Tower | 2 |  | 
| Great Hall | 1 |  | 
                18 total
 » build order
                00:05 Altar of Storms
00:25 Orc Burrow
00:39 Barracks
01:28 Voodoo Lounge
02:05 Orc Burrow
03:45 Stronghold
04:23 Orc Burrow
06:21 Orc Burrow
06:23 Beastiary
07:37 Spirit Lodge
08:40 Orc Burrow
12:12 Orc Burrow
15:23 War Mill
16:35 Watch Tower
16:35 Watch Tower
17:40 Great Hall
17:45 Orc Burrow
20:54 Voodoo Lounge
» items
                
                | Boots of Speed | 2 |  | 
| Healing Salve | 5 |  | 
| Lesser Clarity Potion | 4 |  | 
| Scroll of Speed | 4 |  | 
                15 total
  
                Chat log
          
(09:42 / All) thelaghotel: wow
(14:51 / All) thelaghotel: how u go those to heroes
(14:53 / All) thelaghotel: vs random
(14:55 / All) thelaghotel: w/o scout
(14:55 / All) thelaghotel: ?
(15:19 / All) DIAVOLUL: i know how to build fs vs all racesd
(15:20 / All) thelaghotel: good excuse?
(15:26 / All) thelaghotel: i didn't ask that
(15:28 / All) thelaghotel: u play fs always
(15:35 / All) DIAVOLUL: not always
(19:02 / All) DIAVOLUL: god i hate this game
(19:07 / All) thelaghotel: gg?>
(19:17 / All) DIAVOLUL: ya sure
(19:26 / All) DIAVOLUL: if winning is all you care about
(19:28 / All) thelaghotel: u rly no hack?
(19:32 / All) DIAVOLUL: no omg
(19:34 / All) thelaghotel: it is
(19:36 / All) thelaghotel: well gg
(19:59 / All) thelaghotel: this would make for a good replay
(20:00 / All) thelaghotel: 2
(20:04 / All) DIAVOLUL: i just hate how bm can kill fs in like 2 secs
(20:08 / All) thelaghotel: yea
(20:09 / All) thelaghotel: lame
(20:12 / All) thelaghotel: agi heroes imba
(20:16 / All) thelaghotel: pro replays
(20:17 / All) thelaghotel: all they use
(20:19 / All) thelaghotel: kinda dumb
(20:33 / All) DIAVOLUL: ya i just play fs sometimes for fun
(20:33 / All) thelaghotel: dumb how no1 notcies
(20:43 / All) thelaghotel: u pro
(20:44 / All) DIAVOLUL: well pros notice
(20:46 / All) thelaghotel: best game
(20:50 / All) thelaghotel: true
(21:06 / All) DIAVOLUL: gg
(21:08 / All) thelaghotel: gg